 Dungeon Crawl Stone Soup version 0.18.1-48-g4cf74bf (webtiles) character file.

13224 Heedrag the Destroyer (level 11, -3/64 HPs)
             Began as a Deep Elf Conjurer on Aug 18, 2016.
             Was a High Priest of Vehumet.
             Shot with an arrow by Nessos (27 damage)
             ... in a volcano.
             The game lasted 00:44:12 (14498 turns).

Heedrag the Destroyer (Deep Elf Conjurer)          Turns: 14498, Time: 00:44:13

Health: -3/64      AC:  4    Str:  8    XL:     11   Next: 72%
Magic:  13/37      EV: 17    Int: 24    God:    Vehumet [*****.]
Gold:   514        SH:  0    Dex: 15    Spells: 7 memorised, 10 levels left

rFire  . . .     SeeInvis .     B - +10 short sword of the Wheel {holy, rElec MR+ MP+9}
rCold  . . .     Gourm    .     a - +0 robe
rNeg   . . .     Faith    .     (no shield)
rPois  .         Spirit   .     d - +0 hat {MR+}
rElec  +         Dismiss  +     A - +0 cloak
rCorr  .         Reflect  .     T - +0 pair of gloves
SustAt .         Harm     .     (no boots)
MR     ++++.                    D - amulet of dismissal
Stlth  ++........               P - +3 ring of intelligence
                                g - ring of protection from magic

@: incredibly resistant to hostile enchantments, unstealthy
A: no striking features
a: Renounce Religion


You were in a volcano.
You worshipped Vehumet.
Vehumet was extremely pleased with you.
You were not hungry.

You visited 3 branches of the dungeon, and saw 13 of its levels.
You also visited: Volcano.

You collected 514 gold pieces.

Inventory:

Hand Weapons
 x - a +2 short sword of venom
 B - the +10 short sword of the Wheel (weapon) {holy, rElec MR+ MP+9}
   (You found it on level 5 of the Dungeon)

   It has been blessed by the Shining One to cause great damage to the undead
   and demons.
   It insulates you from electricity.
   It affects your resistance to hostile enchantments.
   It affects your magic capacity (+9).
 I - a cursed +2 war axe of freezing
Missiles
 m - 11 curare-tipped needles
Armour
 a - a +0 robe (worn)
 d - a +0 hat of magic resistance (worn)
 A - a +0 cloak (worn)
 H - a troll hide
 T - a +0 pair of gloves (worn)
Jewellery
 g - a ring of protection from magic (left hand)
 D - an amulet of dismissal (around neck)
 P - a +3 ring of intelligence (right hand)
Wands
 u - a wand of disintegration (8/24)
 E - a wand of iceblast (8/15)
 L - a wand of digging (1/24)
 Z - a wand of hasting (9/9)
Scrolls
 e - 4 scrolls of identify
 f - 6 scrolls of remove curse
 l - 3 scrolls of teleportation
Potions
 i - 2 potions of ambrosia
 r - a potion of brilliance
 z - 4 potions of curing
Books
 b - a book of Conjurations

   Spells                             Type                      Level
   a - Magic Dart                     Conjuration                  1
   b - Searing Ray                    Conjuration                  2
   c - Dazzling Spray                 Conjuration/Hexes            3
   d - Fulminant Prism                Conjuration/Hexes            4
   e - Iskenderun's Mystic Blast      Conjuration                  4
   f - Iskenderun's Battlesphere      Conjuration/Charms           5
 h - an Akashic Record

   Spells                             Type                      Level
   a - Dispersal                      Translocation                6
   b - Malign Gateway                 Summoning/Translocation      7
   c - Disjunction                    Translocation                8
   d - Controlled Blink               Translocation                8
 s - a book of Frost

   Spells                             Type                      Level
   a - Freeze                         Ice                          1
   b - Throw Frost                    Conjuration/Ice              2
   c - Ozocubu's Armour               Charms/Ice                   3
   d - Throw Icicle                   Conjuration/Ice              4
   e - Summon Ice Beast               Ice/Summoning                4
 M - a book of Beasts

   Spells                             Type                      Level
   a - Summon Butterflies             Summoning                    1
   b - Call Canine Familiar           Summoning                    3
   c - Summon Ice Beast               Ice/Summoning                4
   d - Summon Mana Viper              Hexes/Summoning              5
   e - Summon Hydra                   Summoning                    7
 R - a book of Minor Magic

   Spells                             Type                      Level
   a - Magic Dart                     Conjuration                  1
   b - Blink                          Translocation                2
   c - Call Imp                       Summoning                    2
   d - Repel Missiles                 Charms/Air                   2
   e - Slow                           Hexes                        2
   f - Conjure Flame                  Conjuration/Fire             3
   g - Mephitic Cloud                 Conjuration/Poison/Air       3
 Y - a book of Changes

   Spells                             Type                      Level
   a - Beastly Appendage              Transmutation                1
   b - Sticks to Snakes               Transmutation                2
   c - Spider Form                    Transmutation/Poison         3
   d - Ice Form                       Ice/Transmutation            4
   e - Blade Hands                    Transmutation                5
Comestibles
 c - 4 bread rations
 j - 10 slices of pizza
 q - 7 meat rations
 v - a beef jerky
 w - a royal jelly
 F - 13 fruits


   Skills:
 + Level 5.2 Fighting
 + Level 7.7 Dodging
 - Level 2.4 Stealth
 + Level 11.0 Spellcasting
 * Level 12.8 Conjurations
 - Level 10.0 Charms
 + Level 2.0 Translocations
 + Level 6.1 Fire Magic


You had 10 spell levels left.
You knew the following spells:

 Your Spells              Type           Power        Failure   Level  Hunger
a - Magic Dart            Conj           ####         1%          1    None
b - Iskenderun's Mystic   Conj           ######..     1%          4    None
c - Iskenderun's Battles  Conj/Chrm      ######..     1%          5    ####...
d - Flame Tongue          Conj/Fire      #####        1%          1    None
e - Orb of Destruction    Conj           ######....   5%          7    #######
f - Repel Missiles        Chrm/Air       #####.       1%          2    None
g - Blink                 Tloc           N/A          3%          2    None


Dungeon Overview and Level Annotations

Branches:
Dungeon (11/15)            Temple (1/1) D:4            Lair (1/8) D:11
    Orc (0/2) D:10

Altars:
Ashenzari
Cheibriados
Dithmenos
Elyvilon
Fedhas
Gozag
Kikubaaqudgha
Makhleb
Nemelex Xobeh
Okawaru
Pakellas
Qazlal
Ru
Sif Muna
Trog
Vehumet
Xom
Yredelemnul
Zin
The Shining One

Annotations:
Volcano exclusion: 4 statues, Nessos


Message History

Tha centaur be severely wounded.
Tha orb o' energy 'splodes!
Yer battlesphere fires!
Tha barrage o' energy hits tha centaur.
Ye kill tha centaur!
Vehumet accepts yer kill.
Nessos shoots an arrow.
Tha arrow hits yer battlesphere!!
Tha arrow burns yer battlesphere.
Yer battlesphere be destroyed!
Castin': Iskenderun's Mestic Blast Confirm wit' . or Enter, or press ? or * ta list all spells.
Aimin': Iskenderun's Mestic Blast
Press: ? - help, Shift-Dir - straight line, f - Nessos
Aim: Nessos, wieldin' a longbow o' flamin' an' wearin' a centaur bardin' (fast) Okay, than.
Castin': Iskenderun's Mestic Blast Confirm wit' . or Enter, or press ? or * ta list all spells.
Ye conjure a globe o' magical energy.
Nessos shoots an arrow.
Tha arrow hits ye!!
Ye die...

§§≈§≈§§≈≈§..# #8#.###.#
§≈≈§≈≈§§≈..### ##.#8#§.#
≈≈§§≈§≈§§...8#####.#8##≈.#
§§≈≈§§§≈.......'...###§§.#
§≈§≈≈§≈.....8#######§.§§§#
.≈≈§.§....#### ##.#≈≈§≈≈§#
.......#### #.≈......§#
######.# #.######### ###
#@§c..[!) #.)c..?_$
#.*...[!) #########


You could see Nessos, a centaur and a friendly battlesphere.

Vanquished Creatures
  A hydra (D:11)
  2 hill giants (D:10)
  2 statues (Volcano)
  2 deep elf magi (D:10)
  Joseph (D:8)
  A spiny frog (Lair:1)
  3 trolls
  Prince Ribbit (D:8)
  Grinder (D:4)
  A spriggan (D:9)
  2 fire bats (Volcano)
  Grum (D:8)
  A hippogriff (Lair:1)
  3 wargs (D:10)
  A water moccasin (D:10)
  8 orc warriors
  6 ice beasts
  A black bear (D:8)
  2 phantoms
  4 sky beasts
  A swamp drake (D:10)
  An eye of draining (D:10)
  3 wolves
  6 ogres
  7 centaurs
  4 giant frogs
  A big kobold (D:10)
  Blork the orc (D:4)
  A gnoll sergeant (D:11)
  A wyvern zombie (D:6)
  2 scorpions
  9 killer bees
  5 wights (D:6)
  2 vampire bats (D:5)
  5 electric eels (D:11)
  6 howler monkeys
  5 crimson imps
  7 lava snakes (Volcano)
  12 hounds
  3 jellies
  5 orc priests
  An iron imp (D:10)
  6 orc wizards
  A centaur skeleton (D:10)
  A giant frog skeleton (D:6)
  4 iguanas
  Natasha (thrice) (D:3)
  8 worker ants
  Robin (D:4)
  A howler monkey zombie (D:8)
  20 adders
  12 gnolls
  2 shadow imps
  A white imp (D:10)
  An adder zombie (D:7)
  4 worms
  The ghost of pedritolo the Ducker, a weakling SpMo (D:10)
  The ghost of pedritolo the Ducker, a weakling SpMo (D:6)
  The ghost of pedritolo the Ducker, a weakling SpMo (D:7)
  2 giant geckos
  36 orcs
  A ball python (D:1)
  A bat skeleton (D:5)
  4 bat zombies (D:5)
  4 giant cockroaches
  19 goblins
  17 hobgoblins
  19 jackals
  6 quokkas
  6 bats
  12 giant newts
  A jackal zombie (D:8)
  10 kobolds
  A quokka skeleton (D:9)
  7 rats
346 creatures vanquished.

Vanquished Creatures (others)
  A kobold (D:10)
1 creature vanquished.

Grand Total: 347 creatures vanquished

Notes
Turn   | Place    | Note
--------------------------------------------------------------
     0 | D:1      | Heedrag the Deep Elf Conjurer began the quest for the Orb.
     0 | D:1      | Reached XP level 1. HP: 10/10 MP: 6/6
   214 | D:1      | Reached XP level 2. HP: 15/15 MP: 5/8
  1175 | D:2      | Found a deep blue altar of Sif Muna.
  1257 | D:2      | Reached skill level 5 in Conjurations
  1393 | D:2      | Reached XP level 3. HP: 19/19 MP: 8/10
  2124 | D:2      | Reached XP level 4. HP: 13/24 MP: 3/12
  2143 | D:3      | Found a faded altar to an unknown god.
  2388 | D:2      | Reached skill level 6 in Conjurations
  2547 | D:2      | Learned a level 4 spell: Iskenderun's Mystic Blast
  2841 | D:3      | Noticed Robin
  2857 | D:3      | Reached XP level 5. HP: 17/28 MP: 14/14
  2895 | D:4      | Found a staircase to the Ecumenical Temple.
  2901 | D:4      | Killed Robin
  2910 | Temple   | Entered the Ecumenical Temple
  2936 | Temple   | Became a worshipper of Vehumet
  3033 | D:4      | Noticed Grinder
  3033 | D:4      | Noticed Blork the orc
  3134 | D:4      | Learned a level 5 spell: Iskenderun's Battlesphere
  3144 | D:3      | Reached skill level 5 in Spellcasting
  3473 | D:3      | Found a sparkling altar of Nemelex Xobeh.
  3480 | D:3      | Reached skill level 1 in Charms
  3484 | D:3      | Noticed Natasha
  3491 | D:3      | Killed Natasha
  3688 | D:3      | Noticed Natasha
  3692 | D:3      | Killed Natasha
  3804 | D:3      | Found a stormy altar of Qazlal.
  3940 | D:3      | Noticed Natasha
  3944 | D:3      | Killed Natasha
  3944 | D:3      | Reached XP level 6. HP: 32/32 MP: 10/16
  4016 | D:3      | Found a faded altar to an unknown god.
  4031 | D:4      | Reached skill level 7 in Conjurations
  4278 | D:4      | Found a shattered altar of Ashenzari.
  5034 | D:5      | Entered Level 5 of the Dungeon
  5106 | D:5      | Got a slimy short sword
  5131 | D:5      | Reached XP level 7. HP: 34/36 MP: 12/17
  5337 | D:5      | Reached * piety under Vehumet
  5337 | D:5      | Offered knowledge of Sting by Vehumet.
  5351 | D:5      | Found a bloodstained altar of Trog.
  5909 | D:5      | Found an oddly glowing altar of Pakellas.
  6043 | D:5      | Found an ancient bone altar of Kikubaaqudgha.
  6046 | D:5      | Reached skill level 8 in Conjurations
  6170 | D:5      | Found a blossoming altar of Fedhas.
  6402 | D:4      | Killed Blork the orc
  6566 | D:4      | Killed Grinder
  6566 | D:4      | Reached skill level 5 in Charms
  6666 | D:6      | Reached XP level 8. HP: 41/41 MP: 17/20
  6690 | D:6      | Found a glowing golden altar of the Shining One.
  6722 | D:6      | Noticed pedritolo's ghost (weakling SpMo)
  6726 | D:6      | Killed pedritolo's ghost
  6774 | D:6      | Reached skill level 9 in Conjurations
  6775 | D:6      | Offered knowledge of Flame Tongue by Vehumet.
  6804 | D:6      | Learned a level 1 spell: Flame Tongue
  6850 | D:6      | Reached ** piety under Vehumet
  7189 | D:6      | Reached skill level 1 in Fire Magic
  7895 | D:6      | Reached skill level 1 in Fighting
  8001 | D:6      | Identified the +10 short sword of the Wheel {holy, rElec MR+ MP+9} (You found it on level 5 of the Dungeon)
  8181 | D:7      | Noticed pedritolo's ghost (weakling SpMo)
  8182 | D:7      | Killed pedritolo's ghost
  8198 | D:7      | Reached XP level 9. HP: 24/48 MP: 23/23
  8558 | D:7      | Reached skill level 10 in Conjurations
  8891 | D:8      | Offered knowledge of Inner Flame by Vehumet.
  9020 | D:8      | Noticed Joseph
  9044 | D:8      | Killed Joseph
  9393 | D:8      | Noticed Grum
  9405 | D:8      | Killed Grum
  9452 | D:8      | Gained mutation: You evolve. [potion of mutation]
  9452 | D:8      | Gained mutation: You are weak. (Str -2) [potion of mutation]
  9452 | D:8      | Gained mutation: Your mind is acute. (Int +2) [potion of mutation]
  9479 | D:8      | Reached *** piety under Vehumet
  9605 | D:8      | Reached skill level 5 in Dodging
  9707 | D:8      | Offered knowledge of Mephitic Cloud by Vehumet.
  9707 | D:8      | Reached XP level 10. HP: 11/55 MP: 20/25
 10115 | D:8      | Reached skill level 11 in Conjurations
 10173 | D:8      | Gained mutation: You are robust (+10% HP). [potion of beneficial mutation]
 10219 | D:8      | Noticed Prince Ribbit
 10230 | D:8      | Killed Prince Ribbit
 10585 | D:9      | Lost mutation: You are weak. (Str -2) [evolution]
 10589 | D:9      | Found a basalt altar of Yredelemnul.
 10698 | D:9      | Gained mutation: Your spells are a little easier to cast, but a little less powerful. [mutagenic meat]
 10700 | D:9      | Lost mutation: You evolve. [mutagenic meat]
 10701 | D:9      | Lost mutation: Your spells are a little easier to cast, but a little less powerful. [mutagenic meat]
 10702 | D:9      | Gained mutation: Your muscles are strong. (Str +2) [mutagenic meat]
 10703 | D:9      | Lost mutation: Your mind is acute. (Int +2) [mutagenic meat]
 11097 | D:9      | Reached **** piety under Vehumet
 11107 | D:9      | HP: 2/61 [orc warrior/flail (10)]
 11463 | D:9      | Offered knowledge of Lee's Rapid Deconstruction by Vehumet.
 11532 | D:10     | Entered Level 10 of the Dungeon
 11586 | D:10     | Noticed pedritolo's ghost (weakling SpMo)
 11586 | D:10     | Killed pedritolo's ghost
 11665 | D:10     | Noticed a hill giant
 11674 | D:10     | Killed a hill giant
 11771 | D:10     | Reached skill level 10 in Spellcasting
 12060 | D:10     | Reached ***** piety under Vehumet
 12060 | D:10     | Offered knowledge of Orb of Destruction by Vehumet.
 12377 | D:10     | Found a staircase to the Orcish Mines.
 12417 | D:10     | Noticed a hill giant
 12422 | D:10     | Killed a hill giant
 12422 | D:10     | Reached skill level 12 in Conjurations
 12422 | D:10     | Reached skill level 5 in Fire Magic
 12422 | D:10     | Reached XP level 11. HP: 68/68 MP: 22/27
 12508 | D:10     | Lost mutation: You are robust (+10% HP). [potion of cure mutation]
 12508 | D:10     | Lost mutation: Your muscles are strong. (Str +2) [potion of cure mutation]
 12557 | D:10     | Noticed a deep elf mage
 12558 | D:10     | Noticed a deep elf mage
 12560 | D:10     | Killed a deep elf mage
 12561 | D:10     | Killed a deep elf mage
 12586 | D:10     | Got a warped hat
 12589 | D:10     | Identified the +1 hat of Feorripn {Str+8} (You found it on level 10 of the Dungeon)
 13145 | D:11     | Noticed an eight-headed hydra
 13161 | D:11     | Killed an eight-headed hydra
 13280 | D:11     | Learned a level 7 spell: Orb of Destruction
 13300 | D:11     | Reached skill level 10 in Charms
 13331 | D:11     | Found a staircase to the Lair.
 13373 | D:11     | Learned a level 2 spell: Repel Missiles
 13376 | D:11     | Learned a level 2 spell: Blink
 13495 | D:11     | Reached skill level 1 in Translocations
 13648 | Lair:1   | Entered Level 1 of the Lair of Beasts
 13846 | Lair:1   | Found a dark tunnel.
 13855 | Volcano  | Entered a volcano
 13883 | Volcano  | Reached skill level 5 in Fighting
 13957 | Volcano  | Offered knowledge of Poisonous Cloud by Vehumet.
 14102 | Volcano  | Noticed a lasher statue
 14102 | Volcano  | Noticed a lasher statue
 14254 | Volcano  | Noticed a lasher statue
 14254 | Volcano  | Noticed a lasher statue
 14255 | Volcano  | Noticed a lasher statue
 14266 | Volcano  | Killed a lasher statue
 14384 | Volcano  | Noticed a lasher statue
 14392 | Volcano  | Killed a lasher statue
 14493 | Volcano  | Found a radiant altar of Vehumet.
 14493 | Volcano  | Noticed Nessos
 14498 | Volcano  | Shot with an arrow by Nessos

Skill      XL: |  1  2  3  4  5  6  7  8  9 10 11 |
---------------+----------------------------------+-----
Conjurations   | 5 6 7 8 9 10 12 | 12.8
Spellcasting   | 4 5 7 8 9 10 11 | 11.0
Charms         | 2 3 5 6 8 9 10 | 10.0
Fire Magic     | 1 3 5 6 |  6.1
Dodging        | 3 5 6 7 |  7.7
Fighting       | 1 2 4 5 |  5.2
Translocations | 2 |  2.0
Stealth        | |  2.4

Action                   |  1- 3 |  4- 6 |  7- 9 | 10-12 || total
-------------------------+-------+-------+-------+-------++-------
Melee: Spear             |     3 |     4 |       |       ||     7
       Short sword       |       |    15 |    23 |    11 ||    49
 Cast: Magic Dart        |    88 |   175 |   257 |   302 ||   822
       Iskenderun's Batt |       |       |    23 |    53 ||    76
       Iskenderun's Myst |       |       |     2 |    42 ||    44
Evoke: Wand              |       |       |       |     3 ||     3
  Use: Potion            |       |     1 |     1 |    12 ||    14
       Scroll            |       |     1 |     2 |    11 ||    14
  Eat: Chunk             |     3 |     9 |    20 |    27 ||    59
       Meat ration       |       |       |       |     1 ||     1
Armor: Robe              |     3 |     5 |    29 |    10 ||    47
Dodge: Dodged            |    10 |    52 |    45 |    87 ||   194
